 Dungeon Crawl Stone Soup version 0.31-a0-472-g43a2ca8e1b (webtiles) character file.

Game seed: 9650582172356295298

2656 GordonOverkill the Prestidigitator (level 9, -1/56 HPs)
             Began as an Octopode Delver on Aug 6, 2023.
             Slain by Pikel
             ... wielding a +1 whip of freezing
              (4 damage)
             ... on level 5 of the Dungeon.
             The game lasted 00:24:48 (8383 turns).

GordonOverkill the Prestidigitator (OpDe)           Turns: 8383, Time: 00:24:49

Health: -1/56      AC:  1    Str: 10 (11) XL:     9   Next: 62%
Magic:  19/19      EV: 17    Int: 15 (16) God:
Gold:   469        SH:  4    Dex: 11 (14) Spells: 20/22 levels left

rFire   . . .        j - +5 trident (freeze)
rCold   . . .        v - +0 buckler
rNeg    . . .        (helmet restricted)
rPois   .            (no amulet)
rElec   .            D - +5 ring of evasion
rCorr   .            (no ring)
SInv    .            (no ring)
Will    .....        (no ring)
Stlth   ++++         (no ring)
HPRegen 0.29/turn    (no ring)
MPRegen 0.16/turn    (no ring)
                     (no ring)

%: no passive effects
@: no status effects
A: almost no armour, amphibious, 8 rings, camouflage 1, gelatinous body 1,
(nimble swimmer 1), tentacles
a: no special abilities


You were on level 5 of the Dungeon.
You visited 1 branch of the dungeon, and saw 12 of its levels.
You also visited: Ossuary.

You collected 469 gold pieces.

Inventory:

Hand Weapons
 i - a +2 dagger of draining
 j - a +5 trident of freezing (weapon)
 l - a +0 dagger
Missiles
 k - 4 atropa-tipped darts
 s - 4 poisoned darts (quivered)
 x - 2 throwing nets
 E - 4 boomerangs
Armour
 v - a +0 buckler (worn)
Jewellery
 D - a +5 ring of evasion (left tentacle)
Talismans
 g - a serpent talisman
Wands
 f - a wand of digging (3)
 C - a wand of flame (16)
Scrolls
 b - 5 scrolls of fog
 d - 2 scrolls of fear
 h - 3 scrolls of enchant weapon {unknown}
 r - a scroll of vulnerability {unknown}
 t - a scroll of poison {unknown}
 u - 2 scrolls of teleportation {unknown}
 w - 4 scrolls of noise {unknown}
 y - a scroll of immolation {unknown}
 A - a scroll of brand weapon {unknown}
Potions
 a - 4 potions of heal wounds {unknown}
 c - 2 potions of magic
 e - 2 potions of degeneration
 m - 2 potions of haste
 n - 3 potions of enlightenment
 o - 10 potions of curing
 p - 3 potions of brilliance
 q - 2 potions of lignification
 z - a potion of berserk rage {unknown}
 B - a potion of invisibility


   Skills:
 - Level 3.0 Fighting
 - Level 5.0 Short Blades
 + Level 3.6 Polearms
 - Level 2.0 Throwing
 - Level 2.0 Dodging
 - Level 6.6 Stealth
 + Level 2.0 Shields
 - Level 7.0 Spellcasting
 + Level 1.1 Translocations
 - Level 8.0 Evocations


You had 20 spell levels left.
You knew the following spells:

 Your Spells              Type           Power      Damage    Failure   Level
a - Blink                 Tloc           16%        N/A       19%         2

Your spell library contained the following spells:

 Spells                   Type           Power      Damage    Failure   Level
 Manifold Assault         Tloc           8%         N/A       77%         4
 Summon Ice Beast         Ice/Summ       5%         N/A       88%         4
 Summon Mana Viper        Hex/Summ       5%         N/A       99%         5
 Monstrous Menagerie      Summ           2%         N/A       100%        7


Dungeon Overview and Level Annotations

Branches:
Dungeon (12/15)           Ossuary (visited)
 Temple: D:4-7         Lair: D:8-11         Orc: D:9-12

Altars:
Dithmenos
Hepliaklqana
Qazlal
Sif Muna
Trog
Zin

Shops:
D:1 !   D:10 (

Annotations:
D:5 Pikel
D:6 Duvessa
D:7 exclusion: wight
D:8 exclusions: 2 killer bees, orc and orc warrior
D:9 exclusions: downstairs and upstairs
D:11 exclusions: boulder beetle and downstairs


Innate Abilities, Weirdness & Mutations

You cannot wear most types of armour.
You are amphibious.
You can wear up to eight rings at the same time.
Your skin changes colour to match your surroundings (Stealth+).
Your rubbery body absorbs attacks. (AC +1, EV +1)
((You are camouflaged when in or above water. (Stealth+)))
You have tentacles for arms and can constrict up to eight enemies at once.


Message History

You constrict the lemure. The lemure hits you!
You hit the lemure. You freeze the lemure.
You kill the lemure!
That felt strangely unrewarding.
You hit Pikel. You freeze Pikel. Your grab misses Pikel.
Your squeeze misses Pikel.
Pikel is lightly wounded.
Pikel hits you with a +1 whip of freezing!
* * * LOW HITPOINT WARNING * * *
Pikel freezes you.
* * * LOW HITPOINT WARNING * * *
You are too injured to fight recklessly!
You are too injured to fight recklessly!
You are too injured to fight recklessly!
You puncture Pikel! You freeze Pikel. Your grab misses Pikel.
Pikel is heavily wounded.
Pikel completely misses you.
You closely miss Pikel. You grab Pikel.
Pikel is heavily wounded.
You constrict Pikel.
Pikel hits you with a +1 whip of freezing!
* * * LOW HITPOINT WARNING * * *
Pikel freezes you.
* * * LOW HITPOINT WARNING * * *
Okay, then.
It was a potion of curing.
You feel better.
You constrict Pikel.
Pikel hits you with a +1 whip of freezing!
* * * LOW HITPOINT WARNING * * *
Pikel freezes you.
* * * LOW HITPOINT WARNING * * *
Okay, then.
It was a potion of degeneration.
There was something very wrong with that liquid.
You feel weakened.
You feel dopey.
You feel clumsy.
e - 2 potions of degeneration;
m - 2 potions of haste You constrict Pikel.
Pikel hits you with a +1 whip of freezing!
* * * LOW HITPOINT WARNING * * *
Pikel freezes you.
You die...

##..........#######...##
...####...............##### #..#
#.##.#####.........(. #..# #.##.#
##.....###.. #######..####.##.#
#.....# #.# ............#.##.#
#.###.###.# ####........#.##.#
#.# #...... #.##.....#.##K#
#.###.####. ####.##.##.##.##@#
#..)..####. .....##.##.##.##.#
###.###....
#.............##.########.##...#.
#.#####..#.#####..........#.###..
#.# #..#.##############...# #..
#.# #. #................#.###..
#.# #. #.#################...#.
..##### #.# ##.### ....... #.#
#.#


You could see Pikel.

Vanquished Creatures
  A two-headed ogre (D:8)
  A troll (D:10)
  A yak (D:11)
  2 steam dragons
  A water moccasin (D:9)
  An ice beast (D:5)
  An ogre (D:5)
  2 centaurs
  A phantom (D:5)
  4 lemures (D:5)
  A gnoll sergeant (D:6)
  Dowan (D:6)
  3 howler monkeys (D:9)
  3 orc priests
  2 hounds
  Ijyb (D:4)
  5 iguanas
  5 orc wizards
  12 mummies (Ossuary)
  4 gnolls (D:6)
  5 adders
  2 worms
  3 dart slugs
  16 orcs
  3 bats (D:2)
  5 endoplasms
  3 giant cockroaches
  6 goblins
  2 hobgoblins
  5 quokkas
  4 ball pythons
  4 frilled lizards
  3 gnoll skeletons (Ossuary)
  A goblin skeleton (Ossuary)
  6 kobolds
  2 kobold skeletons (Ossuary)
  2 orc skeletons (Ossuary)
  5 rats
  11 rat skeletons (Ossuary)
140 creatures vanquished.

Notes
Turn   | Place    | Note
-------+----------+-------------------------------------------
     0 | D:5      | GordonOverkill the Octopode Delver began the quest for the
                  | Orb.
     0 | D:5      | Reached XP level 1. HP: 16/16 MP: 1/1
   125 | D:6      | Noticed Dowan
   313 | D:7      | Noticed a wight
   478 | D:8      | Noticed a two-headed ogre
   483 | D:8      | Killed a two-headed ogre
   484 | D:8      | Reached skill level 7 in Evocations
   484 | D:8      | Reached XP level 2. HP: 21/21 MP: 2/2
   484 | D:8      | Reached XP level 3. HP: 26/26 MP: 3/3
   484 | D:8      | Reached XP level 4. HP: 31/31 MP: 4/4
   484 | D:8      | Reached XP level 5. HP: 36/36 MP: 5/5
   484 | D:8      | Reached XP level 6. HP: 42/42 MP: 6/6
   484 | D:8      | Reached XP level 7. HP: 46/46 MP: 7/7
   519 | D:8      | Found a sand-covered staircase.
   524 | Ossuary  | Entered an ossuary
   574 | Ossuary  | Reached skill level 8 in Evocations
  1549 | D:10     | Entered Level 10 of the Dungeon
  1628 | D:10     | Noticed a kobold demonologist
  1703 | D:9      | Noticed a wyvern
  1746 | D:10     | Noticed a troll
  1753 | D:10     | Killed a troll
  1754 | D:10     | Reached skill level 5 in Short Blades
  1754 | D:10     | Reached skill level 1 in Spellcasting
  1754 | D:10     | Reached XP level 8. HP: 52/52 MP: 7/10
  1934 | D:12     | Noticed a boulder beetle
  2014 | D:11     | Noticed a boulder beetle
  2040 | D:11     | Noticed a cyclops
  2051 | D:11     | Noticed an efreet
  2051 | D:11     | Noticed a deep elf pyromancer
  2051 | D:11     | Noticed a freezing wraith
  2060 | D:11     | Noticed a wraith
  2060 | D:11     | Noticed a troll
  2132 | D:11     | Noticed a yak
  2143 | D:11     | Killed a yak
  2219 | D:11     | Noticed a wyvern
  2465 | D:10     | Found Lueparu's Antique Weapon Boutique.
  2475 | D:10     | Found a hazy altar of Hepliaklqana.
  3037 | D:9      | Reached skill level 5 in Spellcasting
  3039 | D:9      | Reached XP level 9. HP: 18/56 MP: 15/17
  3180 | D:9      | Found a stormy altar of Qazlal.
  3180 | D:9      | Found a glowing silver altar of Zin.
  3795 | D:6      | Killed Dowan
  4640 | D:6      | Reached skill level 1 in Polearms
  4640 | D:6      | Noticed Duvessa
  5111 | D:5      | Reached skill level 1 in Shields
  5189 | D:5      | Noticed Pikel
  5769 | D:2      | Learned a level 2 spell: Blink
  6451 | D:1      | Found Hogrydwu's Distillery.
  7555 | D:3      | Found a shadowy altar of Dithmenos.
  7566 | D:3      | Found a shimmering blue altar of Sif Muna.
  7600 | D:3      | Identified the +0 robe of Ysti {rC+ rCorr}
  7806 | D:4      | Found a bloodstained altar of Trog.
  8044 | D:4      | Noticed Ijyb
  8053 | D:4      | Killed Ijyb
  8054 | D:4      | Reached skill level 1 in Translocations
  8383 | D:5      | Slain by Pikel

Illustrated notes

Levels and vault maps discovered:
D:1:      dpeg_arrival_erosion, layout_loops_ring, serial_shops, shop,
          amcnicky_mini_rare_corridor_liquid, wad_floor_pattern_untrapped,
          roderic_roman_lattice
D:2:      layout_loops_cross, serial_rivers, chequers_serial_rivers_micro_a,
          chequers_serial_rivers_marsh, chequers_serial_rivers_micro_a,
          chequers_serial_rivers_micro_b, chequers_serial_rivers_small_a,
          chequers_serial_rivers_micro_d
D:3:      layout_rooms, amethyst_overflow_temple_binary
D:4:      layout_loops_ring, trog_three_pillars_becter, serial_glass,
          glass_columns_a, glass_columns_c, glass_columns_b, glass_columns_b,
          glass_columns_b, glass_columns_a, glass_columns_a, glass_columns_b,
          glass_columns_a, glass_columns_b, glass_columns_c, glass_columns_b,
          glass_columns_c, glass_columns_b, uniq_ijyb
D:5:      layout_loops_ring, st_stairs_5, uniq_pikel
D:6:      layout_rooms, uniq_duvessa
D:7:      layout_loops_cross, minmay_temple_entry_poolview,
          kennysheep_generic_room_15
D:8:      layout_loops_ring, enter_ossuary_2
D:9:      layout_gridville, chequers_temple_overflow_statue_of_worship,
          kennysheep_another_room
D:10:     layout_loops_corners, lemuel_crystal_altar, lair_entry_dummy,
          serial_shops, shop, uniq_urug
D:11:     minmay_the_grid_square_5x5_3x3
          [minmay_the_grid_square_5x5_two_walls_a,
          minmay_the_grid_square_5x5_spiral_small,
          minmay_the_grid_square_5x5_bracketed,
          minmay_the_grid_square_5x5_two_small,
          minmay_the_grid_square_5x5_megaprize_crossed,
          minmay_the_grid_square_5x5_checkered_sparse,
          minmay_the_grid_square_5x5_gyroscope,
          minmay_the_grid_square_5x5_fat_x,
          minmay_the_grid_square_5x5_one_wall], layout_basic,
          grunt_decor_fettered, hangedman_corner_corridor, uniq_erica,
          uniq_maurice
D:12:     layout_irregular_city, orc_0_dummy, amethyst_killhole, uniq_nergalle,
          uniq_gastronok

Skill      XL: |  1  2  3  4  5  6  7  8  9 |
---------------+----------------------------+-----
Throwing       | 2 |  2.0
Evocations     | 7 8 |  8.0
Short Blades   | 5 |  5.0
Spellcasting   | 1 5 7 |  7.0
Polearms       | 3 |  3.6
Shields        | 2 |  2.0
Translocations | 1 |  1.1
Fighting       | |  3.0
Dodging        | |  2.0
Stealth        | |  6.6

Action                     |  1- 3 |  4- 6 |  7- 9 || total
---------------------------+-------+-------+-------++-------
  Melee: Dagger            |       |       |   133 ||   133
         Tentacles         |       |       |    61 ||    61
         Constrict         |       |       |    53 ||    53
         Punch             |       |       |     5 ||     5
         Trident           |       |       |   162 ||   162
  Throw: Dart              |       |       |    35 ||    35
  Evoke: Wand              |     3 |       |    16 ||    19
    Use: Scroll            |     2 |       |     6 ||     8
         Potion            |       |       |     3 ||     3
   Stab: Sleeping          |       |       |    39 ||    39
         Invisible         |       |       |     3 ||     3
         Distracted        |       |       |     3 ||     3
 Armour: Skin              |       |       |     8 ||     8
  Dodge: Dodged            |       |       |    92 ||    92
  Block: Buckler           |       |       |    16 ||    16
         Form:             |     1 |       |       ||     1
         Anaconda          |     1 |       |       ||     1

Table legend: (Time is in decaauts)
 A = Elapsed time spent in this place.
 B = Non-inter-level travel time spent in this place.
 C = Inter-level travel time spent in this place.
 D = Time resting spent in this place.
 E = Time spent auto-exploring this place.
 F = Levels seen in this place.
 G = Mean time per level.
                   A        B        C        D        E       F      G
               +--------+--------+--------+--------+--------+-----+--------+
         Total |   8374 |   7838 |    536 |   2215 |   2375 |  13 |  644.2 |
       Dungeon |   7717 |   7181 |    536 |   1848 |   2368 |  12 |  643.1 |
       Ossuary |    656 |    656 |      0 |    367 |      7 |   1 |  656.0 |
               +--------+--------+--------+--------+--------+-----+--------+

Top non-repeatable levels by time:
     D:6: 963 daAuts
     D:9: 962 daAuts
     D:5: 895 daAuts
     D:1: 819 daAuts
     D:4: 774 daAuts
 Ossuary: 656 daAuts
     D:2: 646 daAuts
     D:3: 631 daAuts
     D:8: 612 daAuts
    D:10: 605 daAuts
    D:11: 444 daAuts
     D:7: 359 daAuts
    D:12: 1 daAuts
